 Dungeon Crawl Stone Soup version 0.21.1-74-g47da925 (webtiles) character file.

283 Spoonbill the Vandal (level 6, -4/50 HPs)
             Began as a Centaur Hunter on Aug 14, 2018.
             Killed from afar by Eustachio (12 damage)
             ... with a wand of flame (29)
             ... on level 4 of the Dungeon.
             The game lasted 00:31:52 (2987 turns).

Spoonbill the Vandal (Centaur Hunter)               Turns: 2987, Time: 00:31:53

Health: -4/50      AC:  4    Str: 15    XL:     6   Next: 7%
Magic:  6/6        EV: 15    Int: 15    God:
Gold:   106        SH:  0    Dex: 16    Spells: 5/5 levels left

rFire    . . .     SeeInvis .   p - +0 spear
rCold    . . .     Gourm    .   (no shield)
rNeg     . . .     Faith    .   c - +0 leather armour
rPois    .         Spirit   .   (no helmet)
rElec    .         Reflect  .   (no cloak)
rCorr    .         Harm     .   (no gloves)
MR       .....                  (no barding)
Stlth    ++........             (no amulet)
HPRegen  0.16/turn              (no ring)
MPRegen  0.10/turn              (no ring)

@: brilliant, agile, lethally poisoned (-4 -> -6), very quick
A: large, hooves 3, deformed body, speed 2, tough skin 3
a: no special abilities


You were on level 4 of the Dungeon.
You were not hungry.

You visited 1 branch of the dungeon, and saw 6 of its levels.

You collected 106 gold pieces.

Inventory:

Hand Weapons
 a - a +1 hunting sling
 b - a +0 short sword
 p - a +0 spear (weapon)
 s - a +0 dagger
Missiles
 d - 25 sling bullets (quivered)
 e - 87 stones
Armour
 c - a +0 leather armour (worn)
 i - a +2 scale mail of poison resistance
 u - a +0 helmet
Jewellery
 m - an uncursed ring of see invisible {unknown}
Wands
 w - a wand of digging (11)
Scrolls
 g - a scroll of identify
 j - a scroll of fear {unknown}
 l - a scroll of magic mapping {unknown}
 o - 4 scrolls of teleportation
 t - 2 scrolls of remove curse {unknown}
Potions
 n - 3 potions of lignification {unknown}
 q - a potion of cancellation {unknown}
 r - a potion of haste {unknown}
 v - 2 potions of agility
Comestibles
 f - 4 rations


   Skills:
 + Level 2.9 Fighting
 + Level 0.2 Short Blades
 + Level 6.7 Slings
 + Level 1.0 Armour
 + Level 1.6 Dodging
 * Level 1.5 Stealth


You had 5 spell levels left.
You didn't know any spells.

Dungeon Overview and Level Annotations

Branches:
Dungeon (6/15)
 Temple: D:4-7

Altars:
Okawaru
Uskayaw

Shops:
D:6 (

Annotations:
D:4 Eustachio


Innate Abilities, Weirdness & Mutations

You have hooves in place of feet.
Armour fits poorly on your strangely shaped body.
You cover ground very quickly.
You have extremely tough skin. (AC +3)


Message History

Increase (S)trength, (I)ntelligence, or (D)exterity?
You feel stronger.
You feel sick.
You feel sick.
You feel sick.
It was a potion of agility.
You feel agile all of a sudden.
Sorry, you're not good enough to have a special ability.
Okay, then.
Sorry, you're not good enough to have a special ability.
It was a potion of brilliance.
You feel clever all of a sudden.
You feel sick.
As you read the scroll labeled FOSAUPR RYIPEM, it crumbles to dust.
It is a scroll of identify.
o - 4 scrolls of teleportation You feel sick.
You start resting.
Eustachio zaps a wand.
The puff of flame hits you!
You die...

##### #.#.#
#.@.# #.#.#
#†#.# #.#.#
#.#.# #.#.#
###.#@# #.@.#.#
#########.#.#.#
@.@....>..#.#.#
###...#.#...#.#
#.# #.....#.#
.. #...#...# .
....#.###
....#.#


You could see Eustachio.

Vanquished Creatures
  A crimson imp (D:5)
  2 hounds (D:5)
  A bullfrog skeleton (D:5)
  2 worker ants
  4 adders
  2 oozes
  A worm (D:2)
  4 dart slugs (D:1)
  3 leopard geckos
  An orc (D:3)
  2 giant cockroaches
  7 goblins
  4 hobgoblins (D:1)
  2 jackals (D:1)
  6 kobolds
  8 bats
  8 frilled lizards
  5 rats
63 creatures vanquished.

Notes
Turn   | Place    | Note
-------+----------+-------------------------------------------
     0 | D:1      | Spoonbill the Centaur Hunter began the quest for the Orb.
     0 | D:1      | Reached XP level 1. HP: 17/17 MP: 1/1
   144 | D:1      | Reached XP level 2. HP: 24/24 MP: 2/2
   177 | D:1      | Reached skill level 5 in Slings
   564 | D:1      | Reached XP level 3. HP: 29/29 MP: 3/3
  1338 | D:2      | Reached XP level 4. HP: 34/36 MP: 4/4
  2019 | D:3      | Reached skill level 6 in Slings
  2055 | D:3      | Found a hide-covered altar of Uskayaw.
  2094 | D:3      | Found a faded altar of an unknown god.
  2134 | D:3      | You fall through a shaft for 3 floors!
  2144 | D:6      | Found Ocremumo's Antique Weapon Shoppe.
  2204 | D:6      | Found an iron altar of Okawaru.
  2247 | D:5      | Entered Level 5 of the Dungeon
  2322 | D:5      | Reached skill level 1 in Stealth
  2361 | D:5      | Reached XP level 5. HP: 26/42 MP: 5/5
  2589 | D:5      | Noticed a centaur
  2676 | D:5      | Reached skill level 1 in Armour
  2955 | D:4      | Noticed Eustachio
  2976 | D:4      | Reached XP level 6. HP: 12/50 MP: 6/6
  2987 | D:4      | Killed from afar by Eustachio

Skill      XL: |  1  2  3  4  5 |
---------------+----------------+-----
Slings         | 5 6 |  6.7
Stealth        | 1 |  1.5
Armour         | 1 |  1.0
Fighting       | |  2.9
Short Blades   | |  0.2
Dodging        | |  1.6

Action                   |  1- 3 |  4- 6 || total
-------------------------+-------+-------++-------
Melee: Short sword       |    17 |     6 ||    23
       Kick              |     3 |    12 ||    15
       Spear             |       |    53 ||    53
 Fire: Hunting sling     |   137 |    84 ||   221
Throw: Stone             |       |     2 ||     2
  Use: Potion            |       |     4 ||     4
       Scroll            |       |     1 ||     1
  Eat: Chunk             |       |     2 ||     2
       Ration            |       |     1 ||     1
Armor: Leather armour    |    30 |    26 ||    56
Dodge: Dodged            |    38 |    56 ||    94
